cohdb
Replays
Latest Replays
All Replays
Popular Replays
Top Player Replays
Match Explorer
How It Works
Community
CoH3 Stats
Reddit
Sign in to upload your games and track your stats! →
Sign in with Steam
Match 42023471
Unlisted
Match 42023471
Overview
Messages
Build Orders
End
Construct Barracks
Selects Advanced Infantry Battlegroup
Riflemen Squad
Riflemen Squad
Engineer Squad
Construct Weapon Support Center
M1 Mortar Team
Selects Convert to Ranger Squad
M1919 Machine Gun Team
Grenade Package
Selects Frontline Medical Station
Bazooka Squad
Convert to Ranger Squad
Improved M9 Bazooka Rockets
JVK[!]
令人发疯的电脑
Mo-J
John98
BraveHeartTR
백은
PTE_Ryan
王志安谈治国理政
0
0
Comments
sign in to comment!
No comments posted yet!